 Dungeon Crawl Stone Soup version 0.19.1-1-g22dce08 (webtiles) character file.

239 Rrauwl the Magician (level 5, -2/28 HPs)
             Began as a Deep Elf Air Elementalist on Jan 1, 2017.
             Slain by Grinder (3 damage)
             ... on level 3 of the Dungeon on Jan 12, 2017.
             The game lasted 00:32:11 (3399 turns).

Rrauwl the Magician (Deep Elf Air Elementalist)     Turns: 3399, Time: 00:32:12

Health: -2/28      AC:  5    Str:  5      XL:     5   Next: 79%
Magic:  8/13       EV: 14    Int: 20 (21) God:
Gold:   128        SH:  0    Dex: 15      Spells: 1 memorised, 12 levels left

rFire  . . .     SeeInvis .     p - +1 short sword (venom)
rCold  + . .     Gourm    .     g - +1 robe {rC+}
rNeg   . . .     Faith    .     (no shield)
rPois  .         Spirit   .     (no helmet)
rElec  .         Reflect  .     (no cloak)
rCorr  .         Harm     .     f - +0 pair of gloves
MR     .....                    j - +0 pair of boots
Stlth  +++.......               (no amulet)
                                (no ring)
                                (no ring)

@: no status effects
A: no striking features
a: no special abilities


You were on level 3 of the Dungeon.
You were not hungry.

You visited 1 branch of the dungeon, and saw 3 of its levels.

You collected 128 gold pieces.

Inventory:

Hand Weapons
 m - a +0 blowgun
 p - a +1 short sword of venom (weapon)
Missiles
 n - 16 poisoned needles
Armour
 f - a +0 pair of gloves (worn)
 g - a +1 robe of cold resistance (worn)
 j - a +0 pair of boots (worn)
Scrolls
 e - 4 scrolls of identify
 l - a scroll of enchant weapon
 o - 3 scrolls of enchant armour
Potions
 d - 3 potions of curing
 h - a potion of brilliance
Books
 b - a book of Air

   Spells                             Type                      Level
   a - Shock                          Conjuration/Air              1
   b - Swiftness                      Charms/Air                   2
   c - Repel Missiles                 Charms/Air                   2
   d - Static Discharge               Conjuration/Air              3
   e - Lightning Bolt                 Conjuration/Air              5
 k - a book of Conjurations

   Spells                             Type                      Level
   a - Magic Dart                     Conjuration                  1
   b - Searing Ray                    Conjuration                  2
   c - Dazzling Spray                 Conjuration/Hexes            3
   d - Fulminant Prism                Conjuration/Hexes            4
   e - Iskenderun's Mystic Blast      Conjuration                  4
   f - Iskenderun's Battlesphere      Conjuration/Charms           5
Comestibles
 a - a chunk of flesh
 c - 4 bread rations
 i - a meat ration


   Skills:
 + Level 3.8 Dodging
 - Level 4.1 Stealth
 + Level 4.5 Spellcasting
 + Level 2.6 Conjurations
 + Level 4.1 Air Magic


You had 12 spell levels left.
You knew the following spells:

 Your Spells              Type           Power        Failure   Level  Hunger
a - Shock                 Conj/Air       ###.         2%          1    None


Dungeon Overview and Level Annotations

Branches:
Dungeon (3/15)

Altars:
Ashenzari
Elyvilon

Annotations:
D:3 Grinder, Natasha


Message History

Grinder is moderately wounded.
Grinder hits you.
You writhe in agony.
* * * LOW HITPOINT WARNING * * *
Casting: Shock
Confirm with . or Enter, or press ? or * to list all spells.
Aiming: Shock
Press: ? - help, Shift-Dir - straight line, f/p - Grinder
Aim: Grinder (moderately wounded)
The zap hits Grinder.
Grinder is moderately wounded.
Grinder misses you.
Casting: Shock
Confirm with . or Enter, or press ? or * to list all spells.
Aiming: Shock
Press: ? - help, Shift-Dir - straight line, f/p - Grinder
Aim: Grinder (moderately wounded)
The zap misses Grinder.
Grinder hits you!
* * * LOW HITPOINT WARNING * * *
You writhe in agony.
You die...

#.>.5...........# #...
#..##.#####.....# ########...
#..##.#<..#.###.# #......#...
#......<#....##.# ##.##...#..)
##.##.#####..##.##
##...##...... ...##.# #..##..#
##.....##.#### .#.##.#
#..###.###.......#.#
.#.##.#####..###5(....._.....#
.#.#.........#..@..#.......###
##.................##.....##
[..#..######.#.....###...##
####..####.......#.# ##.## #
####........(#..(#.###..# .###
#.......#..(.(.###..##.###....
##......#.....##.##.#........#
(##.....#....##..............#
..##....#...##...............#


You could see Grinder.

Vanquished Creatures
  Ijyb (D:3)
  An orc wizard (D:3)
  Natasha (twice) (D:3)
  6 adders
  An ooze (D:1)
  A worm (D:3)
  A dart slug (D:2)
  4 orcs (D:3)
  4 bats
  3 giant cockroaches
  13 goblins
  11 hobgoblins
  9 jackals (D:1)
  5 kobolds
  A ball python (D:1)
  A frilled lizard (D:1)
  4 rats
68 creatures vanquished.

Notes
Turn   | Place    | Note
-------+----------+-------------------------------------------
     0 | D:1      | Rrauwl the Deep Elf Air Elementalist began the quest for the Orb.
     0 | D:1      | Reached XP level 1. HP: 10/10 MP: 6/6
   560 | D:1      | Reached XP level 2. HP: 15/15 MP: 6/8
   856 | D:1      | Reached XP level 3. HP: 6/19 MP: 5/9
  1984 | D:2      | Reached XP level 4. HP: 24/24 MP: 11/11
  2419 | D:3      | Noticed Natasha
  2424 | D:3      | Killed Natasha
  2478 | D:3      | Found a white marble altar of Elyvilon.
  2522 | D:3      | Found a shattered altar of Ashenzari.
  2535 | D:3      | Noticed Natasha
  2537 | D:3      | Noticed Ijyb
  2570 | D:3      | Killed Natasha
  2644 | D:3      | Killed Ijyb
  2644 | D:3      | Reached XP level 5. HP: 21/28 MP: 0/13
  3027 | D:3      | Learned a level 1 spell: Shock
  3117 | D:3      | Noticed Natasha
  3298 | D:3      | Noticed Grinder
  3384 | D:3      | Paralysed by Grinder for 2 turns
  3399 | D:3      | HP: 1/28 [Grinder (7)]
  3399 | D:3      | Slain by Grinder

Skill      XL: |  1  2  3  4  5 |
---------------+----------------+-----
Dodging        | 3 |  3.8
Stealth        | 3 4 |  4.1
Spellcasting   | 4 |  4.5
Conjurations   | 2 |  2.6
Air Magic      | 4 |  4.1

Action                   |  1- 3 |  4- 6 || total
-------------------------+-------+-------++-------
Melee: Unarmed           |    41 |       ||    41
       Dagger            |    57 |    18 ||    75
 Cast: Shock             |    52 |    64 ||   116
  Use: Scroll            |     4 |     4 ||     8
       Potion            |     3 |     5 ||     8
 Stab: Sleeping          |     4 |       ||     4
  Eat: Chunk             |     2 |     4 ||     6
       Beef jerky        |     1 |       ||     1
Armor: Robe              |    25 |    17 ||    42
Dodge: Dodged            |    97 |    31 ||   128
